 Dungeon Crawl Stone Soup version 0.31.0-9-g3a7656b989 (webtiles) character file.

Game seed: 13595870453142402458

6268 Kallu the Toxicologist (level 10, -5/56 HPs)
             Began as a Vampire Alchemist on Jan 29, 2024.
             Was a Believer of Sif Muna.
             Slain by a gargoyle
             ... wielding a +0 mace
              (23 damage)
             ... on level 10 of the Dungeon.
             The game lasted 00:27:56 (11756 turns).

Kallu the Toxicologist (Vampire Alchemist)         Turns: 11756, Time: 00:27:57

Health: -5/56      AC:  5    Str:  6 (7)  XL:     10   Next: 62%
Magic:  19/19      EV: 18    Int: 27 (29) God:    Sif Muna [**....]
Gold:   165        SH:  0    Dex: 16 (18) Spells: 15/21 levels left

rFire   + . .        a - +1 falchion (elec)
rCold   + + .        (no shield)
rNeg    + + +        O - +2 robe {rF+}
rPois   ∞            i - +0 helmet
rElec   .            (no cloak)
rCorr   .            (no gloves)
SInv    +            (no boots)
Will    +....        (no amulet)
Stlth   +++++        n - +5 ring of evasion
HPRegen 0.00/turn    K - ring of Nuip {Int+6 Dex+4}
MPRegen 0.16/turn

%: no passive effects
@: bloodless, inhibited regen, studying Throwing
A: bloodless, fangs 3, see invisible, vampiric 2
a: Bat Form, Revivify, Renounce Religion, Channel Magic


You were on level 10 of the Dungeon.
You worshipped Sif Muna.
Sif Muna was pleased with you.
You visited 2 branches of the dungeon, and saw 11 of its levels.

You collected 581 gold pieces.
You spent 416 gold pieces at shops.

Inventory:

Hand Weapons
 a - a +1 falchion of electrocution (weapon)
 I - the +1 trident "Vampire's Foe" {flame, rC+++ Str+6 Dex+3 Stlth-}
   (You found it on level 9 of the Dungeon)

   Str+6:     It affects your strength (+6).
   Dex+3:     It affects your dexterity (+3).
   rC+++:     It renders you almost immune to cold.
   Stlth-:    It makes you less stealthy.
Missiles
 r - a throwing net
 v - 2 javelins
 E - 5 poisoned darts
 M - 3 curare-tipped darts
Armour
 i - a +0 helmet (worn)
 O - a +2 robe of fire resistance (worn)
Jewellery
 n - a +5 ring of evasion (left hand)
 s - a +5 ring of evasion
 y - a +4 ring of slaying
 B - a +6 ring of intelligence
 K - the ring of Nuip (right hand) {Int+6 Dex+4}
   (You found it on level 10 of the Dungeon)

   [ring of intelligence]

   Int+6:     It affects your intelligence (+6).
   Dex+4:     It affects your dexterity (+4).
 L - a +5 ring of evasion
Wands
 A - a wand of light (6)
 F - a wand of mindburst (14)
 N - a wand of digging (5)
Scrolls
 c - 3 scrolls of amnesia {unknown}
 e - 4 scrolls of fog {unknown}
 f - 2 scrolls of teleportation {unknown}
 h - a scroll of vulnerability {unknown}
 j - 2 scrolls of blinking {unknown}
 k - 6 scrolls of identify {unknown}
 o - 2 scrolls of noise {unknown}
 p - a scroll of summoning {unknown}
 q - a scroll of enchant armour {unknown}
 t - 2 scrolls of enchant weapon {unknown}
 D - a scroll of poison {unknown}
Potions
 b - a potion of magic
 d - 3 potions of attraction {unknown}
 g - 2 potions of degeneration {unknown}
 l - 7 potions of curing
 m - 3 potions of might {unknown}
 u - 3 potions of mutation {unknown}
 w - a potion of invisibility {unknown}
 x - 3 potions of heal wounds
 z - 2 potions of enlightenment {unknown}
 G - a potion of haste
 H - a potion of cancellation {unknown}
 J - 2 potions of ambrosia {unknown}


   Skills:
 - Level 4.0 Fighting
 - Level 4.0 Long Blades
 - Level 4.0 Throwing
 - Level 4.0 Dodging
 - Level 5.0 Stealth
 - Level 6.0 Spellcasting
 - Level 4.0 Conjurations
 - Level 5.0 Air Magic
 - Level 11.0 Alchemy
 + Level 1.4 Invocations
 - Level 2.0 Evocations


You had 15 spell levels left.
You knew the following spells:

 Your Spells              Type           Power      Damage    Failure   Level
a - Sting                 Conj/Alch      100%       1d9       1%          1
b - Mercury Vapours       Alch/Air       100%       N/A       1%          2
c - Mephitic Cloud        Conj/Alch/Air  44%        N/A       1%          3

Your spell library contained the following spells:

 Spells                   Type           Power      Damage    Failure   Level
 Olgreb's Toxic Radiance  Alch           61%        N/A       1%          4
 Necrotise                Necr           32%        1d5       6%          1
 Sticky Flame             Fire/Alch      37%        2d8       7%          4
 Hailstorm                Conj/Ice       18%        3d7       9%          3
 Ozocubu's Armour         Ice            8%         N/A       19%         3
 Summon Ice Beast         Ice/Summ       8%         N/A       19%         3
 Vampiric Draining        Necr           8%         2d6       19%         3
 Freezing Cloud           Conj/Ice/Air   12%        6-21      45%         5
 Martyr's Knell           Necr/Summ      8%         N/A       54%         4
 Sculpt Simulacrum        Ice/Alch       18%        N/A       71%         6
 Conjure Ball Lightning   Conj/Air       16%        3x3d6     83%         6
 Curse of Agony           Necr           8%         N/A       87%         5
 Metabolic Englaciation   Hex/Ice        4%         N/A       87%         5
 Discord                  Hex            4%         N/A       100%        8
 Disjunction              Tloc           4%         N/A       100%        8


Dungeon Overview and Level Annotations

Branches:
Dungeon (10/15)            Temple (1/1) D:6             Orc (0/2) D:9
   Lair: D:8-11

Altars:
Ashenzari
Cheibriados
Dithmenos
Fedhas
Gozag
Hepliaklqana
Kikubaaqudgha
Makhleb
Nemelex Xobeh
Okawaru
Qazlal
Ru
Sif Muna
Trog
Uskayaw
Vehumet
Wu Jian
Xom
Yredelemnul

Shops:
D:7 :   D:8 !

Annotations:
D:2 1 runed translucent door, Crazy Yiuf
D:8 Gastronok
D:10 exclusion: gargoyle


Innate Abilities, Weirdness & Mutations

You do not regenerate when monsters are visible.
You are frail without blood (-20% HP).
You can heal yourself when you bite living creatures.
You are immune to poison.
You have razor-sharp teeth.
You have supernaturally acute eyesight. (SInv)
You are afflicted with vampirism and can become a bat while bloodless.


Message History

h - a +1 falchion of electrocution (weapon)
Adjust to which letter? (? for menu, Esc to quit)
a - a +1 falchion of electrocution (weapon)
h - a scroll labelled ONAAMEI PIOTZ
There is a stone staircase leading down here.
You climb downwards.
Level annotation: exclusion: gargoyle The wight hits you from afar with a +5 trident.
There is a stone staircase leading up here.
Unknown command.
The wight misses you.
You barely miss the wight. The wight hits you with a +5 trident.
You barely miss the wight. The wight completely misses you.
You barely miss the wight. The wight hits you with a +5 trident!
You slash the wight! Lightning courses through the wight!
You destroy the wight!
Sif Muna accepts your kill.
You feel your strength returning.
Things that are here:
a +5 trident; a +0 robe You start resting.
HP restored.
You start waiting.
A gargoyle is nearby!
A gargoyle is nearby!
The gargoyle hurls a stone arrow at you.
The stone arrow hits you!!
The gargoyle hurls a stone arrow at you.
The stone arrow misses you.
You hit the gargoyle but do no damage.
You bite the gargoyle, but do no damage.
The gargoyle hurls a stone arrow at you.
The stone arrow hits you!
You hit the gargoyle.
The gargoyle is lightly damaged.
The gargoyle barely misses you.
You hit the gargoyle but do no damage.
The gargoyle is lightly damaged.
The gargoyle hits you with a +0 mace!!
You die...

........## .#######.## ##
##.## #..# ##.## ##.##
#..### ##....###
##....#9@###
##......##..####
##.......###....######
###........##...%......#
##
##................##..###
.###...##...........##...#
..#...##...........###...#
....####..........## #..##
...## ##.....<...##
##.z####


You could see a gargoyle.

Vanquished Creatures
  Pikel (D:7)
  A kobold demonologist (D:8)
  2 wraiths
  A shadow (D:10)
  3 wyverns
  3 yaks (D:10)
  3 steam dragons
  2 water moccasins
  4 orc warriors
  A black bear (D:6)
  2 ice beasts
  7 centaurs
  A phantom (D:7)
  3 lemures (D:7)
  3 bullfrogs
  A gnoll sergeant (D:9)
  5 scorpions
  8 wights
  14 killer bees
  2 howler monkeys
  2 crimson imps (D:5)
  4 jellies
  3 orc priests
  3 orc wizards
  2 iguanas
  Robin (D:2)
  10 gnolls
  3 adders
  3 white imps
  6 ufetubi
  2 ribbon worms
  27 orcs
  6 bats
  4 endoplasms
  2 giant cockroaches
  7 goblins
  10 hobgoblins
  14 jackals
  8 kobolds
  9 ball pythons
  2 frilled lizards (D:2)
  9 rats
204 creatures vanquished.

Vanquished Creatures (collateral kills)
  A hound (D:6)
1 creature vanquished.

Grand Total: 205 creatures vanquished

Notes
Turn   | Place    | Note
-------+----------+-------------------------------------------
     0 | D:1      | Kallu the Vampire Alchemist began the quest for the Orb.
     0 | D:1      | Reached XP level 1. HP: 13/13 MP: 3/3
   147 | D:1      | Reached XP level 2. HP: 19/19 MP: 1/5
   226 | D:1      | Reached skill level 4 in Alchemy
   671 | D:1      | Gained mutation: You are afflicted with vampirism and can
                  | become a bat while bloodless. [Vampire growth]
   671 | D:1      | Reached XP level 3. HP: 9/24 MP: 2/6
   708 | D:1      | Learned a level 2 spell: Mercury Vapours
   893 | D:1      | Found a faded altar of an unknown god.
  1176 | D:2      | Noticed Robin
  1209 | D:2      | Killed Robin
  1210 | D:2      | Reached skill level 5 in Alchemy
  1335 | D:2      | Reached skill level 1 in Fighting
  1412 | D:2      | Found a runed translucent door.
  1413 | D:2      | Noticed Crazy Yiuf
  1574 | D:2      | Reached XP level 4. HP: 32/32 MP: 7/7
  2281 | D:3      | Reached skill level 1 in Air Magic
  2284 | D:3      | Reached skill level 1 in Conjurations
  2539 | D:3      | You fall into a shaft and drop 1 floor!
  2644 | D:3      | Reached XP level 5. HP: 38/38 MP: 0/8
  2958 | D:4      | Identified the +1 robe of Beogh, Inviting {Str+2 Dex-5
                  | SInv}
  3026 | D:4      | Reached XP level 6. HP: 44/44 MP: 4/10
  3664 | D:5      | Entered Level 5 of the Dungeon
  3809 | D:5      | Learned a level 3 spell: Mephitic Cloud
  4004 | D:5      | Reached XP level 7. HP: 36/50 MP: 2/13
  4591 | D:5      | Reached skill level 6 in Alchemy
  4707 | D:5      | Found a shimmering altar of Xom.
  4869 | D:6      | Reached skill level 7 in Alchemy
  4987 | D:6      | Reached skill level 5 in Stealth
  5231 | D:6      | Found a staircase to the Ecumenical Temple.
  5245 | D:6      | Reached XP level 8. HP: 49/56 MP: 4/14
  5383 | Temple   | Entered the Ecumenical Temple
  5397 | Temple   | Became a worshipper of Sif Muna the Loreminder
  5747 | D:6      | Noticed a moth of wrath
  5750 | D:6      | Found a bloodstained altar of Trog.
  6054 | D:7      | Reached skill level 5 in Air Magic
  6375 | D:7      | Found Setihem's Vocational Training.
  6392 | D:7      | Reached skill level 8 in Alchemy
  6546 | D:7      | Noticed Pikel
  7057 | D:7      | Killed Pikel
  7058 | D:7      | Reached skill level 9 in Alchemy
  7058 | D:7      | Reached XP level 9. HP: 39/48 MP: 7/15
  7183 | D:7      | Reached * piety under Sif Muna
  7874 | D:8      | Reached skill level 1 in Evocations
  7951 | D:8      | Reached skill level 1 in Long Blades
  8360 | D:8      | Found Veevooz's Distillery.
  8363 | D:8      | Bought 2 potions of heal wounds for 160 gold pieces
  8363 | D:8      | Bought a potion of haste for 160 gold pieces
  8363 | D:8      | Bought 2 potions of curing for 96 gold pieces
  8530 | D:8      | Noticed Gastronok
  8776 | D:9      | Reached skill level 5 in Spellcasting
  8914 | D:9      | Identified the +1 trident "Vampire's Foe" {flame, rC+++
                  | Str+6 Dex+3 Stlth-}
  9077 | D:9      | Reached XP level 10. HP: 11/56 MP: 8/18
  9300 | D:9      | Found a staircase to the Orcish Mines.
  9368 | D:9      | Reached ** piety under Sif Muna
  9443 | D:9      | Noticed an orange demon
  9501 | D:8      | HP: 2/56 [ynoxinul/iron shot[a kobold demonologist] (31)]
  9774 | D:9      | Found a shimmering blue altar of Sif Muna.
 10027 | D:10     | Entered Level 10 of the Dungeon
 10085 | D:10     | Reached skill level 10 in Alchemy
 10390 | D:10     | Reached skill level 11 in Alchemy
 10490 | D:10     | Noticed a gargoyle
 10578 | D:10     | Identified the ring of Nuip {Int+6 Dex+4}
 11610 | D:9      | Reached skill level 1 in Invocations
 11756 | D:10     | Slain by a gargoyle

Illustrated notes

Levels and vault maps discovered:
D:1:      dpeg_arrival_short_road, layout_basic,
          dreamdust_ecumenical_altar_hidden_monk_grotto, serial_park_tiny_pond
D:2:      layout_loops_ring, minmay_misc_feat_plants, uniq_crazy_yiuf_cottage,
          uniq_robin
D:3:      layout_rooms, mainiacjoe_overflow_paths
D:4:      layout_basic
D:5:      layout_cave_pods, led_xom_imps
D:6:      layout_cave_pods, tgw_trog, minmay_temple_entry_sparse_star
D:7:      layout_loops_ring, nicolae_shop_vocational, uniq_pikel
D:8:      nicolae_whirlpool, layout_basic, serial_shops,
          nicolae_shop_tiny_real_fake_doors, uniq_gastronok
D:9:      kennysheep_steamy, layout_cave_pools, orc_0_dummy, serial_library,
          serial_library_hellmonk_recessed_alcove,
          serial_library_hellmonk_open_cross,
          serial_library_hellmonk_open_square,
          serial_library_hellmonk_open_square,
          serial_library_hellmonk_narrow_alcove
D:10:     layout_cave_pods, uniq_maurice
Temple:   nicolae_temple_bog_church

Skill      XL: |  1  2  3  4  5  6  7  8  9 10 |
---------------+-------------------------------+-----
Alchemy        | 4 5 7 9 11 | 11.0
Fighting       | 1 2 4 |  4.0
Air Magic      | 1 3 5 |  5.0
Conjurations   | 1 2 3 4 |  4.0
Spellcasting   | 3 4 5 6 |  6.0
Stealth        | 5 |  5.0
Dodging        | 4 |  4.0
Evocations     | 2 |  2.0
Long Blades    | 4 |  4.0
Throwing       | 4 |  4.0
Invocations    | 1 |  1.4

Action                     |  1- 3 |  4- 6 |  7- 9 | 10-12 || total
---------------------------+-------+-------+-------+-------++-------
  Melee: Unarmed           |    50 |       |       |       ||    50
         Bite              |     6 |     8 |    17 |    12 ||    43
         Falchion          |    11 |   104 |   185 |   106 ||   406
         Punch             |       |     1 |     4 |     2 ||     7
  Throw: Javelin           |       |       |     2 |       ||     2
   Cast: Sting             |    45 |    26 |   127 |    38 ||   236
         Mercury Vapours   |       |    16 |    16 |     8 ||    40
         Mephitic Cloud    |       |       |     9 |     6 ||    15
Ability: Exsanguinate      |       |       |     1 |       ||     1
         End Transformatio |       |       |       |     1 ||     1
         Bat Form          |       |       |       |     1 ||     1
  Evoke: Wand              |       |       |    20 |     4 ||    24
    Use: Potion            |       |       |       |     1 ||     1
   Stab: Sleeping          |     3 |     6 |     5 |     2 ||    16
         Confused          |       |       |     3 |     5 ||     8
 Armour: Robe              |    50 |    60 |    26 |     6 ||   142
         Leather armour    |       |       |    86 |    59 ||   145
         Skin              |       |       |       |     1 ||     1
  Dodge: Dodged            |    67 |   212 |   347 |   172 ||   798
